 Dungeon Crawl Stone Soup version 0.23.2-30-g0e89c35649 (webtiles) character file.

Game seed: 15692182470130918240

116316 palmtree the Warrior (level 16, -16/155 HPs)
             Began as a Minotaur Berserker on June 14, 2019.
             Was an Elder of Trog.
             Demolished by an alligator snapping turtle (36 damage)
             ... on level 2 of the Shoals.
             The game lasted 01:47:34 (36537 turns).

palmtree the Warrior (Minotaur Berserker)          Turns: 36537, Time: 01:47:35

Health: -16/155    AC: 15    Str: 23    XL:     16   Next: 20%
Magic:  0/15       EV: 28    Int:  6    God:    Trog [****..]
Gold:   2442       SH:  0    Dex: 22    Spells: 15/15 levels left

rFire    + . .     SeeInvis +   a - +8 great mace of the Wasteland {elec, rPois rF+ rN+ Int+2}
rCold    . . .     Gourm    .   (shield currently unavailable)
rNeg     + . .     Faith    .   r - +3 leather armour {rPois}
rPois    +         Spirit   +   E - +0 hat {MR+}
rElec    +         Reflect  .   (no cloak)
rCorr    .         Harm     .   J - +2 pair of gloves of Minor Irritation {rElec SInv}
MR       ++++.                  (no boots)
Stlth    +.........             O - amulet of Incredulity {Spirit rElec}
HPRegen  1.35/turn              A - +6 ring of dexterity
MPRegen  0.14/turn              M - +4 ring of protection (curse)

@: mesmerised, regenerating, very slow
A: retaliatory headbutt, horns 2, screaming 1
a: Berserk, Trog's Hand, Brothers in Arms, Renounce Religion


You were on level 2 of the Shoals.
You worshipped Trog.
Trog was greatly pleased with you.
You were not hungry.

You visited 4 branches of the dungeon, and saw 25 of its levels.
You also visited: Bailey and Gauntlet.

You collected 2667 gold pieces.
You spent 225 gold pieces at shops.

Inventory:

Hand Weapons
 a - the +8 great mace of the Wasteland (weapon) {elec, rPois rF+ rN+ Int+2}
   (Trog gifted it to you on level 2 of the Orcish Mines)

   Occasionally, upon striking a foe, it will discharge some electrical energy
   and cause terrible harm.
   It affects your intelligence (+2).
   It protects you from fire.
   It protects you from poison.
   It protects you from negative energy.
Armour
 r - a +3 leather armour of poison resistance (worn)
 E - a +0 hat of magic resistance (worn)
 J - the +2 pair of gloves of Minor Irritation (worn) {rElec SInv}
   (You found it in a Gauntlet)

   It insulates you from electricity.
   It lets you see invisible.
 P - a +1 plate armour of cold resistance
Jewellery
 v - an uncursed ring of flight {unknown}
 A - a +6 ring of dexterity (left hand)
 G - an uncursed ring of protection from cold
 M - a cursed +4 ring of protection (right hand)
 O - the amulet of Incredulity (around neck) {Spirit rElec}
   (You found it on level 4 of the Lair of Beasts)

   [amulet of guardian spirit]

   It causes incoming damage to be split between your health and magic.
   It insulates you from electricity.
 T - an uncursed ring of ice
 Z - a +2 ring of slaying
Wands
 c - a wand of iceblast (29)
 d - a wand of acid (29)
 g - a wand of clouds (5)
 u - a wand of digging (5)
 z - a wand of flame (64)
 N - a wand of paralysis (15)
 S - a wand of scattershot (9)
 V - a wand of enslavement (4)
 W - a wand of polymorph (15)
Scrolls
 f - 12 scrolls of remove curse
 i - a scroll of enchant weapon
 k - a scroll of blinking
 l - 2 scrolls of fog {unknown}
 t - 3 scrolls of enchant armour {unknown}
 w - 4 scrolls of magic mapping
 y - 2 scrolls of immolation {unknown}
 C - 3 scrolls of summoning {unknown}
 D - 2 scrolls of noise {unknown}
 F - 2 scrolls of acquirement
 I - a scroll of holy word {unknown}
 R - a scroll of vulnerability {unknown}
 U - 10 scrolls of teleportation
 Y - 5 scrolls of identify
Potions
 b - 3 potions of might
 e - a potion of haste
 h - 22 potions of degeneration
 j - 12 potions of curing
 m - a potion of cancellation
 o - 7 potions of magic
 p - a potion of heal wounds
 q - 3 potions of flight
 s - 3 potions of lignification
 x - 3 potions of ambrosia
 B - 2 potions of invisibility
 H - 2 potions of agility
 K - a potion of experience
 L - 2 potions of mutation
 Q - 2 potions of brilliance
 X - 5 potions of berserk rage
Comestibles
 n - 9 rations


   Skills:
 + Level 17.4 Fighting
 - Level 15.7 Maces & Flails
   Level 1.7 Polearms
 * Level 16.1 Armour
 + Level 17.2 Dodging


You had 15 spell levels left.
You didn't know any spells.
Your spell library was empty.

Dungeon Overview and Level Annotations

Branches:
Dungeon (15/15)            Temple (0/1) D:5            Lair (6/6) D:11
 Shoals (2/4) Lair:3       Spider (0/4) Lair:4        Slime (0/5) Lair:5
    Orc (2/2) D:10            Elf (0/3) Orc:2        Vaults (0/5) D:14
 Depths (0/5) D:15

Altars:
Dithmenos
Elyvilon
Fedhas
Gozag
Hepliaklqana
Makhleb
Nemelex Xobeh
Okawaru
Qazlal
Trog
Vehumet
Jiyva

Shops:
D:13 }[?!(   Orc:2 *:*[:   Shoals:1 *

Portals:
Hell: Lair:6

Annotations:
D:14 exclusion: Roxanne, Roxanne


Innate Abilities, Weirdness & Mutations

You reflexively headbutt those who attack you in melee.
You have a pair of horns on your head.
You occasionally shout uncontrollably at your foes.


Message History

The alligator snapping turtle barely misses you.
You closely miss the merfolk avatar.
The merfolk avatar is moderately wounded.
The merfolk avatar chants its luring song.
The alligator snapping turtle bites you from afar!!
* * * LOW HITPOINT WARNING * * *
You hit the merfolk avatar.
Lightning courses through the merfolk avatar!
You headbutt the merfolk avatar.
The merfolk avatar is heavily wounded.
The merfolk avatar chants its luring song.
You hit the merfolk avatar. You headbutt the merfolk avatar!
The merfolk avatar is severely wounded.
The alligator snapping turtle bites you from afar!!
* * * LOW HITPOINT WARNING * * *
The merfolk avatar chants its luring song.
Your unstable footing causes you to fumble your attack.
The merfolk avatar chants its luring song.
The alligator snapping turtle bites you from afar!!!
You die...

≈≈..≈≈≈≈≈≈.
≈≈..≈≈≈≈..... ####..≈≈≈
≈≈..≈≈≈≈.#...###.?....≈≈
≈≈≈.≈≈≈≈...(.........≈≈≈
≈≈≈≈≈≈≈≈≈...≈......≈≈≈≈≈
≈≈≈≈≈≈≈≈≈≈.$...≈≈≈≈≈≈≈≈≈
≈≈≈≈≈≈≈≈≈≈≈≈≈..≈≈t≈≈≈≈≈≈
≈≈≈≈≈≈≈≈≈≈≈≈≈≈≈≈m≈≈≈≈≈≈≈
≈≈≈≈≈≈≈≈≈≈≈≈≈≈≈≈@≈≈≈≈≈≈≈
.≈≈≈≈≈≈≈≈≈≈≈≈≈≈≈≈≈≈≈≈(≈≈
≈≈≈≈≈≈≈≈≈≈≈≈≈≈≈≈≈≈≈≈≈≈≈≈
≈≈≈≈≈≈≈≈≈≈≈≈≈≈.......#..
≈≈≈≈≈≈≈≈..≈≈..(.###### .
.≈≈≈≈≈≈.......(##
..≈≈.≈≈.......(#
#†....≈≈≈...≈.(##
..≈≈≈≈≈≈≈≈≈≈≈≈(.#


You could see an alligator snapping turtle and a merfolk avatar.

Vanquished Creatures
  Rupert (Lair:6)
  Gastronok (D:8)
  The ghost of RKaid the Thaumaturge, a journeyman GnAE of Cheibriados (Lair:4)
  A minotaur (Gauntlet)
  2 merfolk javelineers
  A green death (Gauntlet)
  Fannar (D:11)
  4 vault guards (D:14)
  A merfolk impaler (Shoals:2)
  Harold (D:7)
  3 ogre magi
  10 hydras
  2 merfolk aquamancers (Shoals:1)
  A queen ant (Lair:2)
  A satyr (Shoals:2)
  A centaur warrior (D:15)
  14 two-headed ogres
  8 death yaks
  Sonja (Lair:2)
  A fire crab (D:14)
  A fire crab (shapeshifter) (Gauntlet)
  5 skeletal warriors (D:15)
  A sixfirhy (Lair:6)
  2 deep trolls (Orc:2)
  2 unseen horrors
  2 sea snakes
  3 wizards
  Pikel (D:7)
  A wolf spider zombie (D:15)
  10 deep elf magi
  4 manticores
  11 ugly things
  A shining eye (shapeshifter) (Gauntlet)
  2 orc sorcerers
  5 cyclopes
  3 fauns (Shoals:2)
  2 centaur zombies
  A smoke demon (Lair:6)
  A naga mage (D:15)
  A black mamba (Lair:6)
  6 gargoyles
  A water nymph (Shoals:1)
  13 spiny frogs
  A torpor snail (Lair:5)
  2 centaur skeletons (D:11)
  7 rime drakes
  2 minotaur zombies (Gauntlet)
  2 orange demons
  A freezing wraith (D:15)
  A kobold demonologist (D:13)
  8 komodo dragons
  2 tengu conjurers (D:14)
  A merfolk (Shoals:1)
  2 ice devils (Lair:6)
  3 red devils (Lair:6)
  A hornet (D:14)
  6 slime creatures (D:15)
  10 trolls
  A blink frog (Lair:6)
  4 snapping turtles
  3 dream sheep
  9 hippogriffs
  2 centaur simulacra
  A shadow (D:14)
  A spriggan (D:8)
  2 redbacks (Lair:4)
  2 water elementals (Shoals:1)
  3 wraiths
  45 yaks
  2 basilisks (Lair:6)
  A wyvern (D:8)
  Grum (D:8)
  3 chaos spawn (Gauntlet)
  3 hungry ghosts
  A basilisk (shapeshifter) (Gauntlet)
  3 wargs (D:11)
  12 water moccasins
  An acid dragon (D:14)
  7 soldier ants (Lair:2)
  2 porcupines (Lair:3)
  3 hell hounds (Lair:6)
  A swamp drake (D:10)
  3 ice beasts
  22 orc warriors
  A slave (D:7)
  A hornet zombie (D:10)
  2 eyes of draining (D:14)
  5 phantoms
  5 sky beasts
  23 ogres
  2 necrophages
  10 wolves
  9 centaurs
  13 crocodiles
  A big kobold (D:14)
  A wyvern zombie (D:12)
  17 bullfrogs
  An elf skeleton (D:7)
  5 scorpions
  10 killer bees
  9 wights
  3 howler monkeys
  7 crimson imps
  2 bullfrog zombies (D:10)
  4 jellies
  A bullfrog skeleton (D:8)
  9 hounds
  3 human zombies (D:7)
  14 orc priests
  14 orc wizards
  A human skeleton (D:7)
  Ijyb (D:3)
  3 iguanas
  34 worker ants
  2 killer bee zombies
  A hound skeleton (D:6)
  2 gnolls (D:10)
  9 adders
  A howler monkey skeleton (D:11)
  2 shadow imps
  2 oozes
  An adder zombie (D:8)
  An adder skeleton (D:5)
  A worm (D:2)
  7 dart slugs
  A leopard gecko (D:6)
  85 orcs
  2 ball pythons (D:5)
  7 giant cockroaches
  8 goblins
  12 hobgoblins
  15 jackals
  5 kobolds
  11 quokkas
  5 bats
  3 frilled lizards
  A leopard gecko skeleton (D:4)
  An orc skeleton (D:7)
  2 quokka skeletons (D:6)
  2 quokka zombies
  8 rats
  A bush (Lair:2)
731 creatures vanquished.

Vanquished Creatures (collateral kills)
  Frances (Shoals:2)
  An ettin (Orc:1)
  Josephine (Lair:6)
  A merfolk avatar (Shoals:2)
  3 death yaks (Lair:6)
  A merfolk aquamancer (Shoals:1)
  A deep elf mage (Orc:1)
  A cyclops (Shoals:2)
  3 fauns (Shoals:2)
  A merfolk siren (Shoals:2)
  A water nymph (Shoals:1)
  3 dream sheep
  2 blink frogs (Lair:6)
  3 snapping turtles (Shoals:2)
  A basilisk (Lair:3)
  A water elemental (Shoals:1)
  2 wraiths (Lair:6)
  5 yaks
  A neqoxec (Gauntlet)
  A water moccasin (Lair:6)
  4 orc warriors
  An ogre (Orc:2)
  An eye of draining (D:14)
  A centaur (Bailey)
  2 orc wizards (Orc:2)
  2 orc priests
  8 orcs
53 creatures vanquished.

Vanquished Creatures (others)
  2 slaves (D:7)
  A centaur (D:7)
  An orc priest (Orc:2)
  2 bushes (Lair:6)
  15 demonic plants (Gauntlet)
  12 fungi
  5 plants (Lair:6)
38 creatures vanquished.

Grand Total: 822 creatures vanquished

Notes
Turn   | Place    | Note
-------+----------+-------------------------------------------
     0 | D:1      | palmtree the Minotaur Berserker began the quest for the
                  | Orb.
     0 | D:1      | Reached XP level 1. HP: 19/19 MP: 0/0
    29 | D:1      | Reached XP level 2. HP: 5/27 MP: 1/1
   897 | D:1      | Reached ** piety under Trog
   897 | D:1      | Reached XP level 3. HP: 32/34 MP: 2/2
  1227 | D:2      | Reached XP level 4. HP: 22/41 MP: 3/3
  2007 | D:2      | Reached *** piety under Trog
  2194 | D:3      | Found a sparkling altar of Nemelex Xobeh.
  2207 | D:3      | Noticed Ijyb
  2233 | D:3      | Killed Ijyb
  2233 | D:3      | Reached skill level 5 in Maces & Flails
  2351 | D:3      | Reached XP level 5. HP: 47/47 MP: 4/4
  3072 | D:4      | Found a hazy altar of Hepliaklqana.
  3073 | D:4      | Found an opulent altar of Gozag.
  3073 | D:4      | Found a blossoming altar of Fedhas.
  3235 | D:4      | Found a burning altar of Makhleb.
  3431 | D:4      | Found a stormy altar of Qazlal.
  3432 | D:4      | Noticed an air elemental
  3432 | D:4      | Noticed a water elemental
  3432 | D:4      | Noticed a fire elemental
  3437 | D:4      | Reached skill level 5 in Fighting
  3446 | D:4      | Noticed a phantom
  3457 | D:4      | Killed a phantom
  3457 | D:4      | Reached XP level 6. HP: 52/56 MP: 5/5
  3628 | D:5      | Entered Level 5 of the Dungeon
  3709 | D:5      | Reached skill level 5 in Armour
  3709 | D:5      | Reached XP level 7. HP: 56/61 MP: 6/6
  4013 | D:5      | Found a staircase to the Ecumenical Temple.
  4369 | D:6      | Found a radiant altar of Vehumet.
  4385 | D:6      | Reached **** piety under Trog
  4624 | D:6      | Reached XP level 8. HP: 52/70 MP: 7/7
  5284 | D:6      | Found a white marble altar of Elyvilon.
  5494 | D:7      | Noticed Pikel
  5516 | D:7      | Killed Pikel
  5516 | D:7      | Reached skill level 10 in Maces & Flails
  5516 | D:7      | Reached skill level 5 in Dodging
  5516 | D:7      | Reached XP level 9. HP: 48/79 MP: 8/8
  5903 | D:7      | Found an iron altar of Okawaru.
  5997 | D:7      | Noticed Harold
  6010 | D:7      | Killed Harold
  6399 | D:7      | Noticed a two-headed ogre
  6404 | D:7      | Killed a two-headed ogre
  6404 | D:7      | Reached XP level 10. HP: 90/90 MP: 9/9
  6863 | D:8      | Noticed Grum
  6885 | D:8      | Killed Grum
  7520 | D:8      | Noticed Gastronok
  7544 | D:8      | Killed Gastronok
  7556 | D:8      | Reached skill level 10 in Fighting
  8183 | D:8      | Found a bloodstained altar of Trog.
  8901 | D:9      | Reached XP level 11. HP: 95/100 MP: 10/10
  9008 | D:9      | Reached ***** piety under Trog
  9269 | D:10     | Entered Level 10 of the Dungeon
  9375 | D:10     | Found a flagged portal.
  9486 | Bailey   | Entered a bailey
 10105 | Bailey   | Received a gift from Trog
 12887 | D:10     | Found a staircase to the Orcish Mines.
 12916 | D:10     | Paralysed by fainting for 9 turns
 13147 | D:11     | Noticed a two-headed ogre
 13155 | D:11     | Killed a two-headed ogre
 13184 | D:11     | Found a staircase to the Lair.
 13579 | D:11     | Noticed a green ugly thing
 13592 | D:11     | Killed a green ugly thing
 13594 | D:11     | Found a gate leading to a gauntlet.
 13661 | Gauntlet | Entered a Gauntlet
 13661 | Gauntlet | Found a transporter.
 13661 | Gauntlet | Found a transporter.
 13661 | Gauntlet | Noticed a death scarab
 13689 | Gauntlet | Reached skill level 10 in Dodging
 13702 | Gauntlet | Found a transporter.
 13702 | Gauntlet | Found a transporter.
 13790 | Gauntlet | Noticed a shining eye
 13790 | Gauntlet | a spriggan changed into a shining eye
 13809 | Gauntlet | a shining eye changed into a torpor snail
 13812 | Gauntlet | Noticed a shining eye
 13812 | Gauntlet | a torpor snail changed into a shining eye
 13820 | Gauntlet | a shining eye changed into a faun
 13825 | Gauntlet | Noticed a shining eye
 13825 | Gauntlet | a faun changed into a shining eye
 13829 | Gauntlet | Noticed an orb spider
 13830 | Gauntlet | Found a transporter.
 13830 | Gauntlet | Found a transporter.
 13833 | Gauntlet | Noticed a fire crab
 13833 | Gauntlet | an orb spider changed into a fire crab
 13842 | Gauntlet | Killed a fire crab
 13845 | Gauntlet | Gained mutation: You occasionally shout uncontrollably at
                  | your foes. [a shining eye]
 13852 | Gauntlet | Killed a shining eye
 13852 | Gauntlet | Reached XP level 12. HP: 84/113 MP: 11/11
 13859 | Gauntlet | Got a pair of warped gloves
 13870 | Gauntlet | Identified the +2 pair of gloves of Minor Irritation {rElec
                  | SInv} (You found it in a Gauntlet)
 13876 | Gauntlet | Found a transporter.
 13876 | Gauntlet | Noticed a green death
 13885 | Gauntlet | Killed a green death
 13893 | Gauntlet | HP: 5/113 [orange demon (11)]
 14260 | Gauntlet | Found a transporter.
 14311 | Gauntlet | Noticed a minotaur
 14322 | Gauntlet | Killed a minotaur
 14704 | D:11     | Noticed Fannar
 14747 | D:11     | Killed Fannar
 15429 | Lair:1   | Entered Level 1 of the Lair of Beasts
 15542 | Lair:1   | Noticed a five-headed hydra
 15549 | Lair:1   | Killed a five-headed hydra
 15549 | Lair:1   | Reached skill level 10 in Armour
 16195 | Lair:2   | Noticed Sonja
 16224 | Lair:2   | Killed Sonja
 16788 | Lair:2   | Noticed a queen ant
 16822 | Lair:2   | Killed a queen ant
 17034 | Lair:2   | Reached XP level 13. HP: 118/125 MP: 12/12
 18206 | Lair:3   | Found a staircase to the Shoals.
 18842 | Lair:4   | Reached skill level 15 in Fighting
 19206 | Lair:4   | Got a serpentine garnet amulet
 19329 | Lair:4   | Found a hole to the Spider Nest.
 19333 | Lair:4   | Received a gift from Trog
 19492 | Lair:4   | Found a runed translucent door.
 19495 | Lair:4   | Noticed RKaid's ghost (journeyman GnAE)
 19817 | Lair:4   | Killed RKaid's ghost
 19940 | Lair:5   | HP: 5/126 [spiny frog (11)]
 19947 | Lair:5   | HP: 2/126 [spiny frog (7)]
 20460 | Lair:5   | Found a viscous altar of Jiyva.
 20461 | Lair:5   | Found a staircase to the Slime Pits.
 21581 | D:12     | Identified the amulet of Incredulity {Spirit rElec} (You
                  | found it on level 4 of the Lair of Beasts)
 22009 | D:12     | Received a gift from Trog
 22645 | D:13     | Found Unanaf's Weapon Emporium.
 23026 | D:13     | Found Batzugu's Distillery.
 23032 | D:13     | Bought a potion of curing for 45 gold pieces
 23032 | D:13     | Bought a potion of heal wounds for 75 gold pieces
 23032 | D:13     | Bought a potion of curing for 45 gold pieces
 23138 | D:13     | Found Neopnaps's Antique Armour Shop.
 23162 | D:13     | Found Kangun's Gadget Shoppe.
 23229 | D:13     | Found Rihepros's Magic Scroll Boutique.
 23285 | D:13     | Reached XP level 14. HP: 135/135 MP: 13/13
 23632 | D:13     | Lair:4
 23809 | Lair:6   | Entered Level 6 of the Lair of Beasts
 23835 | Lair:6   | Reached skill level 15 in Dodging
 24102 | Lair:6   | Noticed Rupert
 24113 | Lair:6   | Killed Rupert
 24203 | Lair:6   | Found a burning altar of Makhleb.
 24778 | Lair:6   | Found a gateway to Hell.
 25185 | Lair:6   | Noticed Josephine
 25192 | Lair:6   | Killed Josephine
 25383 | Lair:6   | Reached skill level 15 in Armour
 25384 | Lair:6   | Reached skill level 1 in Polearms
 26260 | Orc:1    | Entered Level 1 of the Orcish Mines
 26584 | Orc:1    | Paralysed by an orc sorcerer for 6 turns
 27031 | Orc:2    | Entered Level 2 of the Orcish Mines
 27745 | Orc:2    | Found Ygekapp's Antique Armour Boutique.
 28300 | Orc:2    | Found a staircase to the Elven Halls.
 28449 | Orc:2    | Received a gift from Trog
 28460 | Orc:2    | Reached XP level 15. HP: 143/143 MP: 10/14
 28974 | Orc:2    | Found Siblaaqo's Book Boutique.
 28975 | Orc:2    | Found Uhuytuec's Assorted Antiques.
 28994 | Orc:2    | Found Devaom's Book Shop.
 29231 | Orc:2    | Found Aphushrygud's Assorted Antiques.
 29239 | Orc:2    | Bought a scroll of identify for 60 gold pieces
 29410 | Orc:2    | Got an iridescent great mace {god gift}
 29411 | Orc:2    | Identified the +8 great mace of the Wasteland {elec, rPois
                  | rF+ rN+ Int+2} (Trog gifted it to you on level 2 of the
                  | Orcish Mines)
 30254 | D:14     | Identified Roxanne's Tome of Stones
 30254 | D:14     | Noticed Roxanne
 30425 | D:14     | Found a gate to the Vaults.
 30467 | D:14     | Received a gift from Trog
 30772 | D:14     | Identified 3 scrolls of acquirement
 30781 | D:14     | Got a crude steel ring
 30790 | D:14     | Identified the ring "Afiptuq" {*Drain rF+ MR+ Str+5} (You
                  | acquired it on level 14 of the Dungeon)
 31278 | D:15     | Entered Level 15 of the Dungeon
 31710 | D:15     | Found a staircase to the Depths.
 31725 | D:15     | Found a shadowy altar of Dithmenos.
 32598 | D:14     | Reached skill level 15 in Maces & Flails
 33671 | Shoals:1 | Entered Level 1 of the Shoals
 34160 | Shoals:1 | Reached XP level 16. HP: 101/155 MP: 13/15
 34932 | Shoals:1 | Found Qonead's General Store.
 35143 | Shoals:2 | Noticed Frances
 35156 | Shoals:2 | Killed Frances
 36537 | Shoals:2 | Demolished by an alligator snapping turtle

Skill      XL: |  1  2  3  4  5  6  7  8  9 10 11 12 13 14 15 16 |
---------------+-------------------------------------------------+-----
Maces & Flails | 4 5 6 8 10 12 14 15 | 15.7
Fighting       | 4 5 6 7 8 10 12 14 15 17 | 17.4
Armour         | 3 4 5 6 7 9 10 12 15 16 | 16.1
Dodging        | 3 4 5 6 7 10 11 14 15 17 | 17.2
Polearms       | 1 |  1.7

Action                   |  1- 3 |  4- 6 |  7- 9 | 10-12 | 13-15 | 16-18 || total
-------------------------+-------+-------+-------+-------+-------+-------++-------
Melee: Mace              |    70 |   163 |   253 |   257 |       |       ||   743
       Headbutt          |    10 |    26 |    60 |   165 |   268 |    22 ||   551
       Dire flail        |       |       |       |   435 |   340 |       ||   775
       Great mace        |       |       |       |       |   602 |    80 ||   682
Invok: Berserk           |       |       |     5 |     8 |    10 |       ||    23
       Brothers in Arms  |       |       |       |     4 |    11 |     5 ||    20
       Trog's Hand       |       |       |       |       |       |     2 ||     2
Evoke: Wand              |       |       |       |       |     6 |       ||     6
  Use: Scroll            |       |       |     7 |    13 |    16 |       ||    36
       Potion            |       |       |       |     1 |     6 |       ||     7
 Stab: Paralysed         |       |       |       |       |     3 |       ||     3
       Distracted        |       |       |       |       |     1 |       ||     1
       Sleeping          |       |       |       |       |     1 |       ||     1
  Eat: Chunk             |     1 |     5 |     6 |     8 |    20 |     1 ||    41
       Ration            |       |     1 |     2 |    10 |    14 |     3 ||    30
Armor: Chain mail        |    23 |    61 |       |       |       |       ||    84
       Animal skin       |     1 |       |       |       |       |       ||     1
       Leather armour    |       |    15 |    78 |   158 |   174 |    14 ||   439
Dodge: Dodged            |    31 |   104 |   119 |   602 |  1100 |   108 ||  2064
